 Dungeon Crawl Stone Soup version 0.30-a0-457-g4b7bca3bfa (webtiles) character file.

Game seed: 3852633090844266733

51853 SmokeWeed the Carver (level 14, -15/106 HPs)
             Began as a Demonspawn Gladiator on Dec 7, 2022.
             Was the Champion of Okawaru.
             Shot with an arrow by Nessos (22 damage)
             ... on level 3 of the Lair of Beasts on Dec 13, 2022.
             The game lasted 01:26:35 (14713 turns).

SmokeWeed the Carver (Demonspawn Gladiator)        Turns: 14713, Time: 01:26:36

Health: -15/106    AC: 18    Str: 31    XL:     14   Next: 25%
Magic:  20/20      EV: 13    Int: 13    God:    Okawaru [******]
Gold:   1050       SH:  0    Dex: 17    Spells: 18/21 levels left

rFire   . . .      SeeInvis .    b - +3 great sword (freeze)
rCold   x . .      Faith    .    (shield currently unavailable)
rNeg    + + .      Spirit   .    D - +3 scale mail "Vuidof" {Will- Str+7}
rPois   .          Reflect  .    a - +0 helmet "Ahy Mixt" {rC- rN++ Slay+5}
rElec   .          Harm     .    t - +0 cloak
rCorr   .          Rampage  .    (gloves unavailable)
Will    .....      Clarity  +    m - +0 pair of boots
Stlth   ++........               f - amulet of regeneration
HPRegen 1.17/turn                w - +6 ring of strength
MPRegen 0.17/turn                Z - +4 ring of slaying

@: mighty, lethally poisoned (-15 -> -25), invisible
A: molten scales 2, ignite blood 2, powered by pain 3, demonic touch 3, clarity,
clever 1, strong 1, no potion heal 1
a: Renounce Religion, Heroism, Finesse, Duel


You were on level 3 of the Lair of Beasts.
You worshipped Okawaru.
Okawaru was exalted by your worship.
You visited 4 branches of the dungeon, and saw 20 of its levels.

You collected 1113 gold pieces.
You spent 63 gold pieces at shops.

Inventory:

Hand Weapons
 b - a +3 great sword of freezing (weapon)
Missiles
 c - 2 throwing nets
 x - 8 atropa-tipped darts
 z - 6 curare-tipped darts
 F - 42 poisoned darts
 G - 3 silver javelins
 I - 8 javelins
 N - a datura-tipped dart
 O - a boomerang of dispersal (quivered)
Armour
 a - the +0 helmet "Ahy Mixt" (worn) {rC- rN++ Slay+5}
   (You found it on level 14 of the Dungeon)

   Slay:      It affects your accuracy & damage with ranged weapons and melee
   (+5).
   rC:        It makes you vulnerable to cold.
   rN:        It greatly protects you from negative energy.
 m - a +0 pair of boots (worn)
 t - a +0 cloak (worn)
 D - the +3 scale mail "Vuidof" (worn) {Will- Str+7}
   (You found it on level 7 of the Dungeon)

   Str:       It affects your strength (+7).
   Will:      It decreases your willpower.
Jewellery
 f - an amulet of regeneration (around neck)
 g - an amulet of the acrobat
 l - an amulet of faith
 w - a +6 ring of strength (left hand)
 P - a ring of resist corrosion
 S - a +6 ring of strength
 Z - a +4 ring of slaying (right hand)
Wands
 p - a wand of iceblast (39)
 u - a wand of paralysis (7)
 y - a wand of mindburst (24)
 C - a wand of polymorph (6)
 E - a wand of digging (18)
 T - a wand of acid (5)
Scrolls
 e - a scroll of butterflies {unknown}
 i - a scroll of teleportation
 j - 3 scrolls of blinking
 r - 4 scrolls of fear
 s - 3 scrolls of fog
 K - 2 scrolls of silence
 M - 4 scrolls of identify
 X - a scroll of amnesia
Potions
 h - 2 potions of ambrosia
 k - 3 potions of lignification
 n - 2 potions of brilliance
 o - 8 potions of curing
 q - 3 potions of magic
 v - a potion of invisibility
 B - 3 potions of attraction
 H - 2 potions of heal wounds
 J - a potion of cancellation
 L - 2 potions of mutation
 U - 2 potions of haste
 V - a potion of berserk rage
 Y - 3 potions of might
Miscellaneous
 W - a piece from Xom's chessboard (15/15)


   Skills:
 * Level 8.6 Fighting
 * Level 13.2 Long Blades
 + Level 11.5 Throwing
 + Level 7.5 Armour
 + Level 5.1 Dodging
 + Level 5.2 Stealth
 + Level 4.0 Spellcasting
 + Level 4.6 Translocations
 + Level 8.3 Invocations
 * Level 4.7 Evocations


You had 18 spell levels left.
You knew the following spells:

 Your Spells              Type           Power      Damage    Failure   Level
a - Summon Small Mammal   Summ           8%         N/A       36%         1
b - Blink                 Tloc           28%        N/A       9%          2

Your spell library contained the following spells:

 Spells                   Type           Power      Damage    Failure   Level
 Apportation              Tloc           28%        N/A       5%          1
 Magic Dart               Conj           8%         1d3       36%         1
 Manifold Assault         Tloc           14%        N/A       50%         4
 Kindle Blastsparks       Fire/Tloc/Air  12%        2d11      52%         3
 Ignite Poison            Fire/Tmut/Pois 2%         N/A       75%         3
 Mephitic Cloud           Conj/Pois/Air  2%         N/A       75%         3
 Alistair's Intoxication  Tmut/Pois      1%         N/A       100%        5
 Freezing Cloud           Conj/Ice/Air   1%         6-21      100%        5
 Storm Form               Tmut/Air       1%         N/A       100%        7
 Call Imp                 Summ           Unusable   N/A       N/A         2
 Call Canine Familiar     Summ           Unusable   N/A       N/A         3
 Summon Guardian Golem    Hex/Summ       Unusable   N/A       N/A         3

Dungeon Overview and Level Annotations

Branches:
Dungeon (15/15)            Temple (1/1) D:4            Lair (3/5) D:8
  Snake (0/4) Lair:2          Orc (1/2) D:11         Vaults (0/5) D:13
 Depths (0/4) D:15
  Swamp: Lair:2-3    Shoals: Lair:2-3

Altars:
Ashenzari
Cheibriados
Dithmenos
Fedhas
Gozag
Hepliaklqana
Kikubaaqudgha
Makhleb
Nemelex Xobeh
Okawaru
Qazlal
Ru
Sif Muna
Trog
Uskayaw
Vehumet
Wu Jian
Xom
Yredelemnul

Shops:
D:4 [   D:6 (   D:8 *

Annotations:
D:10 6 transporters
Lair:3 Nessos


Innate Abilities, Weirdness & Mutations

You are mostly covered in molten scales. (AC +3)
Your demonic aura often causes spilled blood to erupt in flames.
You are powered by pain.
Your touch may irresistibly damage your foes and sap their willpower.
You possess an exceptional clarity of mind.
Your mind is acute. (Int +4, Str/Dex -1)
Your muscles are strong. (Str +4, Int/Dex -1)
Potions are less effective at restoring your health.


Message History

Throw: 2 boomerangs (disperse)
Press: ? - help, Q - select action, (/) - cycle Shift-Dir - straight line, f/p - Nessos
Aim: Nessos, wielding a +1 longbow of flaming and wearing a +0 barding (lightly wounded, fast, extremely poisoned, 82% to hit)
You throw a boomerang of dispersal.
The boomerang of dispersal hits Nessos!!
Nessos blinks!
You feel very sick.
You feel very sick.
The blink frog blinks!
Nessos shoots an arrow.
The arrow hits you!
* * * LOW HITPOINT WARNING * * *
The arrow burns you.
* * * LOW HITPOINT WARNING * * *
You fade into invisibility!
You feel very sick.
A death yak comes into view.
You feel very sick.
Nessos shoots an arrow.
The arrow hits the blink frog!!
The arrow burns the blink frog!
The blink frog looks as sick as possible!
The blink frog dies!
Nessos shoots an arrow.
The arrow hits the blink frog!!
The arrow burns the blink frog.
The blink frog looks as sick as possible!
The blink frog is engulfed in blazing flames.
The death yak barely misses you.
You feel sick.
The death yak bellows!
The blink frog dies!
Nessos is engulfed in blazing flames.
Nessos drinks a potion.
Nessos is healed!
Nessos is engulfed in blazing flames.
A death yak comes into view.
Nessos shoots an arrow.
The arrow hits you.
* * * LOW HITPOINT WARNING * * *
The arrow burns you.
You are lethally poisoned!
* * * LOW HITPOINT WARNING * * *
* * * LOW HITPOINT WARNING * * *
You feel very sick.
Nessos shoots an arrow.
The arrow hits you!!
You die...

..............##
............##.# .
.......#P.## #### ..
...#.#.###.###.....
......#.....##......#
...(........#...##.#
.....###..†####
###.##...$†.###
#....@...°....#
##......°.#...#
#...#..8.8○#..§# #...
#.Y..☼☼....# ...
#...<☼c☼..... ..
#Y..(...#..#.. .
..#.8.8.....#^.
#Y.#.....#..##
.Y............#


You could see 2 death yaks and Nessos (fast, unable to see you, very poisoned).

Vanquished Creatures
  Rupert (D:15)
  Gastronok (D:10)
  Agnes (D:15)
  A very ugly thing (D:15)
  An ironbound preserver (D:13)
  Erolcha (D:10)
  Fannar (D:10)
  2 hydras (D:14)
  2 rakshasas (D:15)
  Harold (D:9)
  A death knight (D:15)
  7 two-headed ogres
  4 centaur warriors
  An alligator (shapeshifter) (D:15)
  3 boulder beetles
  2 tengu warriors
  Sonja (D:11)
  A glowing orange brain (D:15)
  A deep elf pyromancer (D:13)
  12 ugly things
  A phantasmal warrior (D:15)
  An orc knight (D:11)
  9 cyclopes
  Joseph (Lair:1)
  A moth of wrath (shapeshifter) (D:12)
  2 black mambas (Lair:1)
  A gargoyle (D:12)
  6 cane toads
  A yaktaur (shapeshifter) (D:13)
  A komodo dragon (D:13)
  Psyche (D:9)
  2 freezing wraiths (D:15)
  A kobold demonologist (D:14)
  A meliai (shapeshifter) (D:14)
  3 trolls
  A hornet (D:9)
  Prince Ribbit (D:5)
  6 dream sheep (Lair:3)
  13 slime creatures
  5 blink frogs
  2 shadows
  2 vampires
  3 wyverns
  A fire bat (D:7)
  20 yaks
  Grum (D:9)
  6 basilisks
  4 wraiths
  A warg (D:11)
  3 nagas (Lair:2)
  2 acid dragons
  3 water moccasins
  5 orc warriors
  2 sky beasts (D:7)
  An ice beast (D:7)
  3 black bears
  4 wolves (D:9)
  4 centaurs (D:12)
  A lemure (D:8)
  5 kobold brigands
  6 bullfrogs
  4 necrophages (D:5)
  4 gnoll sergeants
  9 wights (D:8)
  4 killer bees
  4 howler monkeys
  5 electric eels
  2 hounds
  A jelly (D:4)
  7 orc priests
  Ijyb (D:5)
  6 iguanas
  7 orc wizards
  6 adders
  17 gnolls
  An ufetubus (D:4)
  6 worms
  A dart slug (D:2)
  34 orcs
  7 ball pythons
  3 bats
  11 endoplasms
  2 giant cockroaches
  5 goblins
  4 hobgoblins (D:1)
  5 jackals (D:1)
  17 kobolds
  4 quokkas
  5 frilled lizards
  7 rats
371 creatures vanquished.

Vanquished Creatures (others)
  2 blink frogs (Lair:3)
  3 fungi
  14 plants
19 creatures vanquished.

Grand Total: 390 creatures vanquished

Notes
Turn   | Place    | Note
-------+----------+-------------------------------------------
     0 | D:1      | SmokeWeed the Demonspawn Gladiator began the quest for the
                  | Orb.
     0 | D:1      | Reached XP level 1. HP: 16/16 MP: 1/1
     0 | D:1      | Upgraded the game from 0.30-a0-414-gcb316572d5 to
                  | 0.30-a0-457-g4b7bca3bfa
    86 | D:1      | Gained mutation: Your touch may inflict minor irresistible
                  | damage on your foes. [demonic ancestry]
    86 | D:1      | Reached XP level 2. HP: 22/22 MP: 2/2
   108 | D:1      | Reached skill level 3 in Long Blades
   215 | D:1      | Found a faded altar of an unknown god.
   430 | D:1      | Gained mutation: You sometimes gain a little power by
                  | taking damage. [demonic ancestry]
   430 | D:1      | Reached XP level 3. HP: 27/27 MP: 3/3
   786 | D:2      | Identified the +3 leather armour "Iprixaj" {rF++ rC+ Dex+4
                  | Slay+3}
   842 | D:2      | Gained mutation: You sometimes gain power by taking damage.
                  | [demonic ancestry]
   842 | D:2      | Reached XP level 4. HP: 16/33 MP: 4/4
  1142 | D:2      | Reached skill level 4 in Long Blades
  1406 | D:3      | Reached skill level 1 in Armour
  1414 | D:3      | Gained mutation: You are partially covered in molten
                  | scales. (AC +2) [demonic ancestry]
  1414 | D:3      | Reached XP level 5. HP: 33/39 MP: 5/5
  1598 | D:3      | Learned a level 1 spell: Summon Small Mammal
  1656 | D:3      | Learned a level 2 spell: Blink
  2215 | D:4      | Reached skill level 1 in Stealth
  2300 | D:4      | Reached XP level 6. HP: 42/46 MP: 6/6
  2602 | D:4      | Reached skill level 5 in Long Blades
  2662 | D:4      | Found Weretoyho's Armour Shop.
  2667 | D:4      | Bought a +0 cloak for 63 gold pieces
  2834 | D:4      | Found a staircase to the Ecumenical Temple.
  3112 | Temple   | Entered the Ecumenical Temple
  3134 | Temple   | Became a worshipper of Warmaster Okawaru
  3175 | D:5      | Entered Level 5 of the Dungeon
  3175 | D:5      | Noticed Prince Ribbit
  3187 | D:5      | Killed Prince Ribbit
  3188 | D:5      | Gained mutation: Your touch may inflict irresistible damage
                  | on your foes. [demonic ancestry]
  3188 | D:5      | Reached XP level 7. HP: 34/52 MP: 7/7
  3193 | D:5      | Noticed Ijyb
  3466 | D:5      | Reached * piety under Okawaru
  3550 | D:5      | Found a hide-covered altar of Uskayaw.
  3550 | D:5      | Found a burning altar of Makhleb.
  3550 | D:5      | Found a blossoming altar of Fedhas.
  3550 | D:5      | Found a shadowy altar of Dithmenos.
  3551 | D:5      | Found a shimmering altar of Xom.
  3551 | D:5      | Found a broken altar of Ashenzari.
  3552 | D:5      | Found a snail-covered altar of Cheibriados.
  3552 | D:5      | Found a hazy altar of Hepliaklqana.
  3582 | D:5      | Reached skill level 6 in Long Blades
  3863 | D:5      | Killed Ijyb
  3864 | D:5      | Gained mutation: Your demonic aura sometimes causes spilled
                  | blood to erupt in flames. [demonic ancestry]
  3864 | D:5      | Reached XP level 8. HP: 58/58 MP: 8/8
  4174 | D:6      | Found a bloodstained altar of Trog.
  4183 | D:6      | Found Huik's Weapon Boutique.
  4658 | D:7      | Reached ** piety under Okawaru
  4699 | D:7      | Found a basalt altar of Yredelemnul.
  4743 | D:7      | Noticed Maggie
  4760 | D:7      | Identified the +3 scale mail "Vuidof" {Will- Str+7}
  4805 | D:7      | Reached skill level 5 in Throwing
  5038 | D:7      | Reached skill level 7 in Long Blades
  5130 | D:7      | Noticed Pikel
  5152 | D:8      | Gained mutation: You occasionally lose the ability to read
                  | scrolls when taking damage. [potion of mutation]
  5152 | D:8      | Gained mutation: You sometimes lose the ability to read
                  | scrolls when taking damage. [potion of mutation]
  5152 | D:8      | Gained mutation: You are frail. (-10% HP) [potion of
                  | mutation]
  5152 | D:8      | Gained mutation: You possess an exceptional clarity of
                  | mind. [potion of mutation]
  5153 | D:8      | Lost mutation: You are frail. (-10% HP) [potion of
                  | mutation]
  5153 | D:8      | Lost mutation: You sometimes lose the ability to read
                  | scrolls when taking damage. [potion of mutation]
  5153 | D:8      | Lost mutation: You occasionally lose the ability to read
                  | scrolls when taking damage. [potion of mutation]
  5153 | D:8      | Gained mutation: Potions are less effective at restoring
                  | your health. [potion of mutation]
  5153 | D:8      | Gained mutation: Your muscles are strong. (Str +4, Int/Dex
                  | -1) [potion of mutation]
  5153 | D:8      | Gained mutation: Your mind is acute. (Int +4, Str/Dex -1)
                  | [potion of mutation]
  5308 | D:8      | Found Hutruv's Serpentskin Sales.
  5315 | D:8      | Gained mutation: You are mostly covered in molten scales.
                  | (AC +3) [demonic ancestry]
  5315 | D:8      | Reached XP level 9. HP: 46/65 MP: 9/9
  5396 | D:8      | Noticed a two-headed ogre
  5414 | D:8      | Killed a two-headed ogre
  5414 | D:8      | Reached *** piety under Okawaru
  5432 | D:8      | Found a staircase to the Lair.
  5526 | D:8      | You fall into a shaft and drop 3 floors!
  5534 | D:11     | Noticed a cyclops
  5541 | D:11     | Killed a cyclops
  5541 | D:11     | Reached **** piety under Okawaru
  5542 | D:11     | Reached skill level 8 in Long Blades
  5595 | D:11     | Reached skill level 5 in Armour
  5600 | D:10     | Entered Level 10 of the Dungeon
  5662 | D:10     | Found a transporter.
  5666 | D:10     | Found a transporter.
  5711 | D:10     | Found a sparkling altar of Nemelex Xobeh.
  5887 | D:9      | Reached XP level 10. HP: 73/73 MP: 10/10
  5952 | D:9      | Noticed a cyclops
  5970 | D:9      | Killed a cyclops
  6089 | D:8      | Found a shimmering blue altar of Sif Muna.
  6217 | D:8      | Reached skill level 1 in Evocations
  6247 | D:8      | Reached skill level 5 in Fighting
  6248 | D:8      | Reached skill level 1 in Invocations
  6377 | D:8      | Received a gift from Okawaru
  6559 | D:7      | Maggie changed into Maggie the fire bat
  6559 | D:7      | Noticed Maggie
  6569 | D:7      | Killed Maggie the fire bat
  6621 | D:7      | Pikel changed into Pikel the basilisk
  6621 | D:7      | Noticed Pikel
  6636 | D:7      | Killed Pikel the basilisk
  6637 | D:7      | Reached skill level 9 in Long Blades
  6861 | D:9      | Noticed Harold
  6862 | D:9      | Noticed Psyche
  6934 | D:10     | Noticed Gastronok
  6943 | D:10     | Killed Gastronok
  6950 | D:10     | Found a transporter.
  6967 | D:10     | Found a transporter.
  7034 | D:10     | Noticed Erolcha
  7040 | D:10     | Killed Erolcha
  7040 | D:10     | Reached ***** piety under Okawaru
  7040 | D:10     | Received a gift from Okawaru
  7088 | D:10     | Gained mutation: Your demonic aura often causes spilled
                  | blood to erupt in flames. [demonic ancestry]
  7088 | D:10     | Reached XP level 11. HP: 70/80 MP: 14/14
  7106 | D:10     | Identified the +6 spear "Fuarae" {vorpal, Str+2 Dex+4}
  7132 | D:10     | Noticed Fannar
  7145 | D:10     | Killed Fannar
  7146 | D:10     | Reached skill level 5 in Invocations
  7288 | D:10     | Received a gift from Okawaru
  7395 | D:10     | Found a transporter.
  7396 | D:10     | Found a transporter.
  7488 | D:10     | Found an opulent altar of Gozag.
  7710 | D:11     | Identified the +3 leather armour of Shielding {-Tele Harm
                  | Rampage Regen+}
  7806 | D:11     | Noticed Sonja
  7818 | D:11     | Killed Sonja
  7868 | D:11     | Noticed a boulder beetle
  7880 | D:11     | Killed a boulder beetle
  7951 | D:11     | Noticed a boulder beetle
  7962 | D:11     | Killed a boulder beetle
  7963 | D:11     | Reached skill level 10 in Long Blades
  8194 | D:11     | Found a staircase to the Orcish Mines.
  8197 | D:11     | Noticed a two-headed ogre
  8215 | D:11     | Killed a two-headed ogre
  8242 | D:11     | Received a gift from Okawaru
  8353 | D:11     | Identified the +0 ring mail of the Teacher {Str+5 Dex-3}
  8523 | D:11     | Noticed a two-headed ogre
  8534 | D:11     | Killed a two-headed ogre
  8861 | D:12     | Noticed a centaur warrior
  8874 | D:12     | Killed a centaur warrior
  8878 | D:12     | Reached skill level 1 in Spellcasting
  8928 | D:12     | Noticed a boulder beetle
  8944 | D:12     | Killed a boulder beetle
  8945 | D:12     | Reached skill level 1 in Translocations
  9386 | D:12     | Gained mutation: Your touch may irresistibly damage your
                  | foes and sap their willpower. [demonic ancestry]
  9386 | D:12     | Reached XP level 12. HP: 56/89 MP: 15/17
  9421 | D:12     | Noticed a two-headed ogre
  9424 | D:12     | Killed a two-headed ogre
  9552 | D:13     | Noticed a two-headed ogre
  9561 | D:13     | Killed a two-headed ogre
  9561 | D:13     | Reached ****** piety under Okawaru
  9682 | D:13     | Received a gift from Okawaru
  9781 | D:13     | Noticed a two-headed ogre
  9782 | D:13     | Noticed an ironbound preserver
  9787 | D:13     | Noticed a centaur warrior
  9792 | D:13     | Killed a two-headed ogre
  9796 | D:13     | Killed a centaur warrior
  9796 | D:13     | Noticed a centaur warrior
  9801 | D:13     | Killed a centaur warrior
  9802 | D:13     | Reached skill level 11 in Long Blades
  9802 | D:13     | Killed an ironbound preserver
  9811 | D:13     | Noticed a two-headed ogre
  9820 | D:13     | Killed a two-headed ogre
  9820 | D:13     | Received a gift from Okawaru
  9855 | D:13     | Found a gate to the Vaults.
 10132 | D:13     | Received a gift from Okawaru
 10301 | D:14     | Noticed a five-headed hydra
 10305 | D:14     | Killed a five-headed hydra
 10308 | D:14     | Reached skill level 10 in Throwing
 10624 | D:14     | Received a gift from Okawaru
 10632 | D:14     | Gained mutation: You are powered by pain. [demonic
                  | ancestry]
 10632 | D:14     | Reached XP level 13. HP: 92/96 MP: 18/18
 10658 | D:14     | Identified the +0 helmet "Ahy Mixt" {rC- rN++ Slay+5}
 10891 | D:14     | Reached skill level 5 in Stealth
 11161 | D:14     | Found a hazy altar of Hepliaklqana.
 11264 | D:15     | Entered Level 15 of the Dungeon
 11298 | D:15     | Received a gift from Okawaru
 11401 | D:15     | Noticed Agnes
 11412 | D:15     | Killed Agnes
 11412 | D:15     | Identified the +2 hat of the Monk {-Cast rF+ Dex+9}
                  | (Okawaru gifted it to you on level 15 of the Dungeon)
 11412 | D:15     | Received a gift from Okawaru
 11528 | D:15     | Found an opulent altar of Gozag.
 11651 | D:15     | Noticed Rupert
 11669 | D:15     | Killed Rupert
 12005 | D:15     | Reached skill level 5 in Dodging
 12161 | D:15     | Noticed a brown very ugly thing
 12182 | D:15     | Killed a brown very ugly thing
 12183 | D:15     | Reached skill level 12 in Long Blades
 12246 | D:15     | a slime creature changed into a fire dragon
 12246 | D:15     | Noticed a fire dragon (glowing shapeshifter)
 12252 | D:15     | a fire dragon changed into an alligator
 12259 | D:15     | Found a staircase to the Depths.
 12758 | Orc:1    | Entered Level 1 of the Orcish Mines
 12758 | Orc:1    | Found a radiant altar of Vehumet.
 12949 | D:9      | Killed Harold
 12949 | D:9      | Received a gift from Okawaru
 12951 | D:9      | Killed Psyche
 12966 | D:9      | Received a gift from Okawaru
 13224 | D:9      | Noticed Grum
 13234 | D:9      | Killed Grum
 13476 | Lair:1   | Entered Level 1 of the Lair of Beasts
 13525 | Lair:1   | Reached XP level 14. HP: 105/105 MP: 20/20
 13703 | Lair:1   | Noticed Joseph
 13710 | Lair:1   | Killed Joseph
 13854 | Lair:1   | You fall into a shaft and drop 1 floor!
 13902 | Lair:2   | Found a staircase to the Snake Pit.
 14264 | Lair:2   | Reached skill level 13 in Long Blades
 14680 | Lair:3   | Noticed Nessos
 14713 | Lair:3   | Shot with an arrow by Nessos

Illustrated notes

Levels and vault maps discovered:
D:1:      dpeg_arrival_shrine, layout_basic, basic_ecumenical_altar
D:2:      layout_rooms
D:3:      layout_basic, tso_altar
D:4:      layout_loops_corners, temple_statues, serial_shops,
          nicolae_shop_hallway_plus, kennysheep_nub, nicolae_wormholes
D:5:      layout_rooms, nicolae_overflows_in_rows, serial_rivers,
          chequers_serial_rivers_marsh, chequers_serial_rivers_micro_b,
          chequers_serial_rivers_micro_c, chequers_serial_rivers_small_a,
          uniq_prince_ribbit1, uniq_ijyb
D:6:      layout_basic, nicolae_overflow_hidden_temple, serial_shops, shop
D:7:      layout_rooms, mainiacjoe_overflow_tiny_flanked,
          minmay_misc_feat_hallway, minmay_crystal_room, serial_bayou_lagoon_b,
          uniq_maggie, uniq_pikel
D:8:      layout_gridville, led_sif_book, lair_entry_dummy, st_stairs_6,
          guppyfry_shop_venom
D:9:      layout_irregular_city, uniq_grum, uniq_psyche, uniq_harold
D:10:     layout_loops_ring, grunt_temple_overflow_opulence,
          serial_nicolae_subway, nicolae_sub_station_metal,
          nicolae_sub_station_stone, nicolae_sub_station_crystal, uniq_fannar,
          uniq_gastronok, uniq_erolcha
D:11:     layout_layer_cave, orc_0_dummy, uniq_sonja
D:12:     layout_roguey
D:13:     layout_loops_ring, skrybe_vaults_entry_preservation
D:14:     layout_loops_corners, nzn_hepliaklqana_mist_gate
D:15:     gammafunk_enter_depths_forms, layout_loops_corners, serial_glass,
          glass_columns_b, glass_columns_a, nicolae_gozag_seed_capital,
          abandoned_shop, uniq_rupert, uniq_agnes
Temple:   hellmonk_temple_of_storms
Lair:1:   layout_cave_pods, beast_lair_carwin_2, infiniplex_staircase_pool_2,
          uniq_joseph
Lair:2:   layout_hall_layers, minmay_snake_entry_guardpost_small, serial_forest,
          infiniplex_forest_end_1, infiniplex_forest_zigzag_1,
          infiniplex_forest_lined_room_2, infiniplex_forest_diagonal,
          infiniplex_forest_lined_4_way, infiniplex_forest_corner_2,
          infiniplex_forest_lined_3, infiniplex_forest_zigzag_1,
          infiniplex_forest_pool, serial_bayou_crossing
Lair:3:   layout_cave_pods, minmay_shoals_entry_lonely_mermaid,
          lemuel_centaur_altar, grunt_megastairs_2, uniq_nessos
Orc:1:    layout_caves, basic_altar

Skill      XL: |  1  2  3  4  5  6  7  8  9 10 11 12 13 14 |
---------------+-------------------------------------------+-----
Long Blades    | 3 4 5 6 7 8 9 10 11 12 13 | 13.2
Dodging        | 3 4 5 |  5.1
Armour         | 1 2 3 5 6 7 |  7.5
Stealth        | 1 2 3 4 5 |  5.2
Throwing       | 2 3 6 7 8 9 10 11 | 11.5
Fighting       | 3 4 5 6 7 8 |  8.6
Evocations     | 2 4 |  4.7
Invocations    | 4 7 8 |  8.3
Spellcasting   | 1 3 4 |  4.0
Translocations | 2 4 |  4.6

Action                   |  1- 3 |  4- 6 |  7- 9 | 10-12 | 13-15 || total
-------------------------+-------+-------+-------+-------+-------++-------
Melee: Long sword        |    87 |   103 |   122 |       |       ||   312
       Touch             |    12 |    28 |    30 |       |       ||    70
       Punch             |     1 |       |     1 |       |       ||     2
       Great sword       |       |       |    16 |   169 |   171 ||   356
Throw: Boomerang         |       |    24 |   105 |   111 |    88 ||   328
       Dart              |       |       |     4 |    50 |    20 ||    74
       Throwing net      |       |       |     7 |       |       ||     7
       Javelin           |       |       |     8 |    14 |    17 ||    39
Invok: Heroism           |       |       |     1 |    13 |    11 ||    25
       Finesse           |       |       |       |     3 |     4 ||     7
Evoke: Wand              |       |       |       |    16 |    14 ||    30
  Use: Scroll            |     4 |     4 |    11 |     4 |     3 ||    26
       Potion            |     1 |     4 |     4 |       |     3 ||    12
 Stab: Sleeping          |     2 |     2 |     1 |     3 |     1 ||     9
       Held in net/web   |       |       |     2 |       |       ||     2
       Distracted        |       |       |       |     1 |       ||     1
Armor: Leather armour    |    27 |    18 |    23 |       |       ||    68
       Scale mail        |       |       |    68 |    79 |    70 ||   217
Dodge: Dodged            |    76 |    63 |   120 |   105 |   111 ||   475

Table legend: (Time is in decaauts)
 A = Elapsed time spent in this place.
 B = Non-inter-level travel time spent in this place.
 C = Inter-level travel time spent in this place.
 D = Time resting spent in this place.
 E = Time spent auto-exploring this place.
 F = Levels seen in this place.
 G = Mean time per level.
                   A        B        C        D        E       F      G
               +--------+--------+--------+--------+--------+-----+--------+
         Total |  14710 |  13911 |    799 |    677 |  10410 |  20 |  735.5 |
       Dungeon |  13419 |  12644 |    775 |    677 |   9361 |  15 |  894.6 |
        Temple |     43 |     37 |      6 |      0 |     24 |   1 |   43.0 |
          Lair |   1245 |   1228 |     17 |      0 |   1025 |   3 |  415.0 |
  Orcish Mines |      1 |      1 |      0 |      0 |      0 |   1 |    1.0 |
               +--------+--------+--------+--------+--------+-----+--------+

Top non-repeatable levels by time:
    D:11: 1471 daAuts
    D:15: 1371 daAuts
     D:4: 1161 daAuts
    D:14: 984 daAuts
     D:9: 925 daAuts
     D:8: 888 daAuts
    D:10: 887 daAuts
     D:3: 847 daAuts
     D:7: 832 daAuts
     D:1: 808 daAuts
  Lair:2: 790 daAuts
    D:13: 742 daAuts
     D:6: 716 daAuts
    D:12: 688 daAuts
     D:5: 561 daAuts
